 Dungeon Crawl Stone Soup version 0.32-a0-931-g5a2cda0630 (webtiles) character file.

Game seed: 946935978353881084

665 runemasterragnar the Chopper (level 7, -1/55 HPs)
             Began as a Coglin Gladiator on Apr 14, 2024.
             Slain by a water moccasin (2 damage)
             ... on level 5 of the Dungeon.
             The game lasted 00:03:43 (4089 turns).

runemasterragnar the Chopper (Coglin Gladiator)     Turns: 4089, Time: 00:03:44

Health: -1/55      AC:  7    Str: 16    XL:     7   Next: 57%
Magic:  7/7        EV: 10    Int:  7    God:
Gold:   364        SH:  0    Dex: 16    Spells: 6/6 levels left

rFire   . . .        a - +0 war axe {Masataka}
rCold   + . .        x - +0 war axe (drain) {María}
rNeg    . . .        t - +1 ring mail {rC+}
rPois   .            c - +0 helmet
rElec   .            (no cloak)
rCorr   .            (no gloves)
SInv    .            (no boots)
Will    .....        (amulet unavailable)
Stlth   +            (ring unavailable)
HPRegen 0.29/turn    (ring unavailable)
MPRegen 0.10/turn    (no gizmo)

%: no passive effects
@: lethally poisoned (-1 -> -8), revved
A: off-hand wielding, slow wielding, warmup strikes, no jewellery
a: Invent Gizmo


You were on level 5 of the Dungeon.
You visited 1 branch of the dungeon, and saw 5 of its levels.

You collected 364 gold pieces.

Inventory:

Hand Weapons
 a - a +0 war axe (weapon) {Masataka}
 f - a +0 dagger {Fatehjeet}
 s - a +0 mace {Yuphin}
 v - a +0 hand axe of draining {Ming}
 w - a +1 mace of protection
 x - a +0 war axe of draining (offhand) {María}
Missiles
 d - 3 throwing nets (quivered)
 e - 4 javelins
 z - 6 poisoned darts
Armour
 b - a +0 leather armour
 c - a +0 helmet (worn)
 t - a +1 ring mail of cold resistance (worn)
Scrolls
 h - 2 scrolls of revelation {unknown}
 i - 6 scrolls of identify {unknown}
 k - a scroll of blinking {unknown}
 n - 2 scrolls of teleportation {unknown}
 o - 2 scrolls of vulnerability {unknown}
 p - a scroll of enchant weapon {unknown}
 r - a scroll of fog {unknown}
 u - a scroll of brand weapon {unknown}
 y - a scroll of fear {unknown}
Potions
 g - a potion of ambrosia {unknown}
 j - 3 potions of curing {unknown}
 l - 3 potions of berserk rage {unknown}
 m - 3 potions of haste {unknown}
 q - 2 potions of heal wounds {unknown}
 A - a potion of lignification {unknown}


   Skills:
 + Level 4.4 Fighting
 * Level 6.4 Axes
 + Level 3.9 Throwing
 - Level 2.6 Dodging


You had 6 spell levels left.
You didn't know any spells.
Your spell library contained the following spells:

 Spells                   Type           Power      Damage    Failure   Level
 Sting                    Conj/Alch      0%         1d3       65%         1
 Mercury Vapours          Alch/Air       0%         N/A       80%         2
 Olgreb's Toxic Radiance  Alch           0%         N/A       100%        4
 Dispersal                Tloc           0%         N/A       100%        6
 Gell's Gavotte           Tloc           0%         2d(11-16) 100%        6
 Manifold Assault         Tloc           0%         N/A       100%        7
 Disjunction              Tloc           0%         N/A       100%        8


Dungeon Overview and Level Annotations

Branches:
Dungeon (5/15)
 Temple: D:4-7

Altars:
Dithmenos
Elyvilon
Hepliaklqana
Vehumet
Xom

Shops:
D:1 :

Annotations:
D:4 1 runed translucent door, Daftless's ghost, amateur MDFi


Innate Abilities, Weirdness & Mutations

You can wield a second weapon in your off-hand.
It takes a long time for you to wield or remove held weapons.
Your first few attacks do less damage.
You cannot equip rings or amulets.


Message History

The water moccasin bites you but does no damage.
The water moccasin closely misses you.
You miss the water moccasin with your +0 war axe.
The water moccasin is heavily wounded.
You miss the water moccasin with your +0 war axe of draining.
You feel very sick. The water moccasin bites you.
* * * LOW HITPOINT WARNING * * *
Unknown command.
You miss the water moccasin with your +0 war axe.
The water moccasin is heavily wounded.
You hit the water moccasin with your +0 war axe of draining.
You feel very sick.
The water moccasin bites you but does no damage.
The water moccasin bites you.
* * * LOW HITPOINT WARNING * * *
You are lethally poisoned!
The water moccasin poisons you!
You closely miss the water moccasin with your +0 war axe.
The water moccasin is severely wounded.
You barely miss the water moccasin with your +0 war axe of draining.
* * * LOW HITPOINT WARNING * * *
You feel very sick.
The water moccasin bites you but does no damage. x2
Unknown command.
You barely miss the water moccasin with your +0 war axe of draining.
The water moccasin is severely wounded.
You hit the water moccasin with your +0 war axe.
* * * LOW HITPOINT WARNING * * *
You feel very sick. The water moccasin barely misses you.
Unknown command.
You barely miss the water moccasin with your +0 war axe.
The water moccasin is almost dead.
You hit the water moccasin with your +0 war axe of draining.
You drain the water moccasin.
* * * LOW HITPOINT WARNING * * *
You feel sick. The water moccasin barely misses you.
The water moccasin bites you.
You die...

#########. ..
.........<.. ##.# ..
..######## # #... #.##
#. ... ...#. ##.. ..
..... ...# .##.... ...
#.S##.##.#
##.##@.#.....
#.#....##..##.#
#.......#...#.#
#.#...#.......#########
##.##.#...#.........#
......##.##.#†#####.##
######.......#.# #...
####......# ####
########


You could see a water moccasin (very drained).

Vanquished Creatures
  A phantom (D:5)
  2 scorpions (D:4)
  2 bombardier beetles
  3 hounds
  A gnoll bouda (D:5)
  An orc wizard (D:3)
  8 gnolls
  8 adders
  2 ufetubi (D:5)
  3 dart slugs
  2 ribbon worms
  10 orcs (D:3)
  9 endoplasms
  4 giant cockroaches
  5 goblins (D:1)
  11 hobgoblins
  2 quokkas
  4 ball pythons
  11 bats
  5 frilled lizards
  7 kobolds
  6 rats
107 creatures vanquished.

Notes
Turn   | Place    | Note
-------+----------+-------------------------------------------
     0 | D:1      | runemasterragnar the Coglin Gladiator began the quest for
                  | the Orb.
     0 | D:1      | Reached XP level 1. HP: 16/16 MP: 1/1
    72 | D:1      | Found Nupt's Book Shop.
   101 | D:1      | Reached XP level 2. HP: 20/22 MP: 2/2
   405 | D:1      | Reached XP level 3. HP: 23/28 MP: 3/3
   816 | D:1      | Reached skill level 4 in Axes
   973 | D:1      | Reached XP level 4. HP: 34/34 MP: 4/4
  2263 | D:3      | Reached XP level 5. HP: 30/41 MP: 5/5
  2954 | D:3      | Reached skill level 5 in Axes
  2954 | D:3      | Reached XP level 6. HP: 28/47 MP: 6/6
  3103 | D:4      | Found a shadowy altar of Dithmenos.
  3191 | D:4      | Found a runed translucent door.
  3191 | D:4      | Noticed Daftless's ghost (amateur MDFi)
  3335 | D:4      | Reached XP level 7. HP: 49/54 MP: 7/7
  3571 | D:4      | Found a shimmering altar of Xom.
  3571 | D:4      | Found a white marble altar of Elyvilon.
  3571 | D:4      | Found a radiant altar of Vehumet.
  3634 | D:4      | Found a hazy altar of Hepliaklqana.
  3765 | D:5      | Entered Level 5 of the Dungeon
  3828 | D:5      | Reached skill level 6 in Axes
  4089 | D:5      | HP: 1/55 [poisoned by a water moccasin]
  4089 | D:5      | Slain by a water moccasin

Illustrated notes

Levels and vault maps discovered:
D:1:      saegor_arrival_miasma, layout_loops_corners, serial_shops,
          nicolae_book_shop_shelving, minmay_misc_feat_enclosed
D:2:      layout_rooms, minivault_5
D:3:      layout_basic
D:4:      layout_rooms, nicolae_hepliaklqana_hippocampus,
          gammafunk_temple_overflow_claw, nicolae_dithmenos_the_darkroom,
          gammafunk_ghost_grave, minmay_hedge_maze, serial_bayou_pond_b
D:5:      layout_loops_ring, kennysheep_cross_bottleneck, grunt_ministairs_3,
          corner_web_ring, hangedman_decor_clover_reticule, minmay_ogre_servants

Skill      XL: |  1  2  3  4  5  6  7 |
---------------+----------------------+-----
Throwing       | 2 3 |  3.9
Axes           | 4 5 6 |  6.4
Fighting       | 3 4 |  4.4
Dodging        | |  2.6

Action                     |  1- 3 |  4- 6 |  7- 9 || total
---------------------------+-------+-------+-------++-------
  Melee: War axe           |    64 |   141 |    90 ||   295
         Dagger            |    60 |    42 |       ||   102
         Mace              |       |    49 |       ||    49
         Hand axe          |       |     2 |       ||     2
   Stab: Sleeping          |     1 |       |       ||     1
 Armour: Leather armour    |    40 |    31 |       ||    71
         Ring mail         |       |    61 |    47 ||   108
  Dodge: Dodged            |    38 |    67 |    39 ||   144

Table legend: (Time is in decaauts)
 A = Elapsed time spent in this place.
 B = Non-inter-level travel time spent in this place.
 C = Inter-level travel time spent in this place.
 D = Time resting spent in this place.
 E = Time spent auto-exploring this place.
 F = Levels seen in this place.
 G = Mean time per level.
                   A        B        C        D        E       F      G
               +--------+--------+--------+--------+--------+-----+--------+
         Total |   4141 |   3953 |    188 |    252 |   3004 |   5 |  828.2 |
       Dungeon |   4141 |   3953 |    188 |    252 |   3004 |   5 |  828.2 |
               +--------+--------+--------+--------+--------+-----+--------+

Top non-repeatable levels by time:
     D:1: 1273 daAuts
     D:3: 1183 daAuts
     D:4: 680 daAuts
     D:2: 672 daAuts
     D:5: 331 daAuts
